 Dungeon Crawl Stone Soup version 0.31.0-12-g77e489cdc1 (webtiles) character file.

Game seed: 4673252961586702932

1670 monsoonserge the Slicer (level 8, 0/42 HPs)
             Began as a Spriggan Monk on Feb 16, 2024.
             Was a Believer of Uskayaw.
             Killed from afar by a steam dragon (17 damage)
             ... with a ball of steam
             ... on level 7 of the Dungeon.
             The game lasted 00:20:01 (5725 turns).

monsoonserge the Slicer (Spriggan Monk)             Turns: 5725, Time: 00:20:01

Health: 0/42       AC:  9    Str:  7    XL:     8   Next: 69%
Magic:  11/11      EV: 23    Int: 12    God:    Uskayaw [**....]
Gold:   157        SH:  5    Dex: 25    Spells: 7/7 levels left

rFire   . . .        e - +2 short sword (protect)
rCold   . . .        n - +0 buckler
rNeg    . . .        b - +0 robe
rPois   .            (helmet restricted)
rElec   .            (no cloak)
rCorr   .            (gloves unavailable)
SInv    +            (boots unavailable)
Will    +....        (no amulet)
Stlth   ++++         y - +6 ring of dexterity
HPRegen 0.27/turn    (no ring)
MPRegen 0.12/turn

%: no passive effects
@: under a protective aura, very quick
A: very small, no large weapons, unfitting armour, see invisible, speed 3
a: Renounce Religion, Stomp, Line Pass


You were on level 7 of the Dungeon.
You worshipped Uskayaw.
Uskayaw was noncommittal.
You visited 2 branches of the dungeon, and saw 8 of its levels.
You also visited: Ossuary.

You collected 353 gold pieces.
You spent 196 gold pieces at shops.

Inventory:

Hand Weapons
 e - a +2 short sword of protection (weapon)
Missiles
 p - 2 poisoned darts (quivered)
Armour
 b - a +0 robe (worn)
 d - an orb of light
 n - a +0 buckler (worn)
Jewellery
 y - a +6 ring of dexterity (left hand)
Wands
 q - a wand of digging (4)
 s - a wand of paralysis (10)
 E - a wand of polymorph (5)
Scrolls
 f - a scroll of butterflies
 g - 3 scrolls of poison {unknown}
 i - 5 scrolls of teleportation {unknown}
 j - a scroll of silence
 k - 2 scrolls of immolation
 l - 2 scrolls of vulnerability
 m - 3 scrolls of fear
 u - 2 scrolls of blinking
 v - a scroll of brand weapon {unknown}
 C - a scroll of fog {unknown}
 F - a scroll of enchant armour {unknown}
Potions
 a - 4 potions of curing
 c - 3 potions of ambrosia
 h - 2 potions of magic {unknown}
 o - 3 potions of heal wounds
 r - 2 potions of invisibility
 t - a potion of enlightenment {unknown}
 w - 2 potions of brilliance
 x - a potion of resistance {unknown}
 z - 2 potions of attraction
 A - a potion of berserk rage {unknown}
 B - 3 potions of mutation {unknown}
 D - a potion of lignification {unknown}
 G - a potion of cancellation {unknown}
 H - 2 potions of haste {unknown}


   Skills:
 + Level 3.8 Fighting
 + Level 9.6 Short Blades
 + Level 0.1 Throwing
 + Level 6.7 Dodging
 + Level 5.0 Stealth
 * Level 0.7 Shields
 * Level 3.0 Invocations


You had 7 spell levels left.
You didn't know any spells.
Your spell library contained the following spells:

 Spells                   Type           Power      Damage    Failure   Level
 Ensorcelled Hibernation  Hex/Ice        0%         N/A       63%         2
 Gell's Gravitas          Tloc           0%         N/A       86%         3
 Hailstorm                Conj/Ice       0%         3d5       86%         3
 Passwall                 Erth           0%         N/A       86%         3
 Summon Ice Beast         Ice/Summ       0%         N/A       86%         3
 Swiftness                Air            0%         N/A       86%         3
 Teleport Other           Tloc           0%         N/A       86%         3
 Summon Mana Viper        Hex/Summ       0%         N/A       100%        5
 Dispersal                Tloc           0%         N/A       100%        6
 Sculpt Simulacrum        Ice/Alch       0%         N/A       100%        6
 Monstrous Menagerie      Summ           0%         N/A       100%        7


Dungeon Overview and Level Annotations

Branches:
Dungeon (7/15)             Temple (1/1) D:5         Ossuary (visited)

Altars:
Ashenzari
Cheibriados
Dithmenos
Elyvilon
Fedhas
Hepliaklqana
Makhleb
Okawaru
Ru
Sif Muna
Trog
Uskayaw
Vehumet
Wu Jian
Xom
Yredelemnul
Zin
The Shining One

Shops:
D:1 !   D:2 :   D:5 [


Innate Abilities, Weirdness & Mutations

You are very small and have problems with some larger weapons.
You are too small for most types of armour.
You have supernaturally acute eyesight. (SInv)
You cover ground extremely quickly. (Speed+++)


Message History

You hit the steam dragon.
Your weapon exudes an aura of protection.
The steam dragon is lightly wounded.
You hit the steam dragon.
The steam dragon is lightly wounded.
The steam dragon bites you but does no damage.
The steam dragon claws you.
You hit the steam dragon.
The steam dragon is moderately wounded.
The steam dragon breathes steam at you. The ball of steam hits you!!
Ouch! That really hurt!
You hit the steam dragon.
The steam dragon is heavily wounded.
You are engulfed in a cloud of scalding steam.
You closely miss the steam dragon.
The steam dragon is heavily wounded.
The steam dragon closely misses you. You block the steam dragon's attack.
Throw: 3 darts (poison)
Press: ? - help, Q - select action, (/) - cycle Shift-Dir - straight line, f - steam dragon
Aim: a steam dragon (heavily wounded, catching its breath, 63% to hit)
You throw a poisoned dart.
The poisoned dart hits the steam dragon.
The steam dragon is poisoned.
The steam dragon is heavily wounded.
You hit the steam dragon.
The steam dragon is heavily wounded.
The steam dragon barely misses you.
The steam dragon claws you but does no damage.
You hit the steam dragon but do no damage.
The steam dragon is severely wounded.
The steam dragon completely misses you. x2
You hit the steam dragon.
The steam dragon is almost dead.
You can now pass through a line of other dancers.
You hit the steam dragon.
The steam dragon is almost dead.
The steam dragon breathes steam at you. The ball of steam hits you!
You die...

.#......#..........# #.....
.#......#..........#...#####.....
.#......#..........#...#.....####
##......##..########...#.....'...
#####....#..###...##...#.....#...
....#.)..#..#..........#.....###.
....'....#..#....!.....#.......##
....#....# #..........#.......#.
....#....# +...@......+.......#.
....#....# #...D......#.......#.
##..#....# ##..(###...#.......#.
######.... #...###...#.......#.
.....#.....#....#.......##
.....#.....#....'.........
#.....#....#.........
#.....#....#......... #####
######.........


You could see a steam dragon (poisoned, catching breath).

Vanquished Creatures
  A wyvern (D:6)
  Menkaure (Ossuary)
  An ice beast (D:7)
  An ogre (D:5)
  A centaur (D:6)
  A phantom (D:5)
  A bullfrog (D:7)
  3 scorpions
  3 howler monkeys (D:7)
  2 bombardier beetles
  A hound (D:5)
  5 orc priests
  A sleepcap (D:7)
  3 iguanas
  2 orc wizards
  3 mummies (Ossuary)
  9 gnolls
  7 adders
  A dart slug (D:1)
  A ribbon worm (D:5)
  21 orcs
  3 bats
  5 endoplasms
  3 giant cockroaches (D:4)
  6 goblins
  8 hobgoblins
  5 jackals
  A quokka (D:3)
  4 ball pythons
  4 frilled lizards
  A gnoll skeleton (Ossuary)
  5 gnoll zombies (Ossuary)
  5 goblin skeletons (Ossuary)
  3 goblin zombies (Ossuary)
  3 hobgoblin skeletons (Ossuary)
  6 hobgoblin zombies (Ossuary)
  7 kobolds
  5 kobold skeletons (Ossuary)
  5 kobold zombies (Ossuary)
  4 orc skeletons (Ossuary)
  4 orc zombies (Ossuary)
  A rat (D:3)
  7 rat skeletons (Ossuary)
  2 rat zombies (Ossuary)
166 creatures vanquished.

Notes
Turn   | Place    | Note
-------+----------+-------------------------------------------
     0 | D:1      | monsoonserge the Spriggan Monk began the quest for the Orb.
     0 | D:1      | Reached XP level 1. HP: 11/11 MP: 2/2
   184 | D:1      | Reached XP level 2. HP: 8/16 MP: 3/3
   525 | D:1      | Found Yfut's Distillery.
   529 | D:1      | Bought a potion of degeneration for 14 gold pieces
   958 | D:2      | Reached skill level 4 in Short Blades
   958 | D:2      | Reached XP level 3. HP: 19/19 MP: 4/4
   981 | D:2      | Found a faded altar of an unknown god.
  1126 | D:2      | Found Deses's Vocational Training.
  1227 | D:2      | Found an ornate altar of the Wu Jian Council.
  1444 | D:2      | Reached skill level 1 in Stealth
  1517 | D:3      | Reached skill level 5 in Dodging
  1517 | D:3      | Reached XP level 4. HP: 10/23 MP: 5/5
  2054 | D:1      | Bought a potion of heal wounds for 70 gold pieces
  2054 | D:1      | Bought a potion of invisibility for 112 gold pieces
  2130 | D:4      | Reached skill level 5 in Short Blades
  2130 | D:4      | Reached XP level 5. HP: 17/28 MP: 6/6
  2431 | D:4      | Reached XP level 6. HP: 23/32 MP: 7/7
  2503 | D:4      | Found an iron altar of Okawaru.
  2509 | D:4      | Reached skill level 6 in Short Blades
  2945 | D:4      | Found a bloodstained altar of Trog.
  2988 | D:5      | Entered Level 5 of the Dungeon
  3234 | D:5      | Reached skill level 7 in Short Blades
  3234 | D:5      | Reached XP level 7. HP: 36/36 MP: 8/8
  3252 | D:5      | Found a staircase to the Ecumenical Temple.
  3261 | Temple   | Entered the Ecumenical Temple
  3271 | Temple   | Became a worshipper of Uskayaw the Reveller
  3271 | Temple   | Reached * piety under Uskayaw
  3434 | D:5      | Reached ** piety under Uskayaw
  3520 | D:5      | Found Esohiot's Armour Boutique.
  3772 | D:5      | Reached skill level 8 in Short Blades
  3772 | D:5      | Reached skill level 1 in Invocations
  4057 | D:6      | Found a sacrificial altar of Ru.
  4194 | D:6      | Reached XP level 8. HP: 20/40 MP: 10/10
  4202 | D:6      | Reached *** piety under Uskayaw
  4336 | D:6      | Found a sand-covered staircase.
  4341 | Ossuary  | Entered an ossuary
  4657 | Ossuary  | Noticed Menkaure
  4724 | Ossuary  | Killed Menkaure
  4871 | D:6      | Reached skill level 9 in Short Blades
  5033 | D:6      | You fall into a shaft and drop 1 floor!
  5291 | D:7      | Found a shimmering altar of Xom.
  5291 | D:7      | Found a shimmering altar of Xom.
  5291 | D:7      | Found a shimmering altar of Xom.
  5291 | D:7      | Found a shimmering altar of Xom.
  5291 | D:7      | Found a shimmering altar of Xom.
  5292 | D:7      | Found a shimmering altar of Xom.
  5292 | D:7      | Found a shimmering altar of Xom.
  5292 | D:7      | Found a shimmering altar of Xom.
  5356 | D:7      | Found an ornate altar of the Wu Jian Council.
  5422 | D:7      | Found a white marble altar of Elyvilon.
  5658 | D:7      | Reached skill level 5 in Stealth
  5725 | D:7      | Killed from afar by a steam dragon

Illustrated notes

Levels and vault maps discovered:
D:1:      dpeg_arrival_rhombi, layout_basic, serial_shops, shop,
          serial_bayou_lagoon_b
D:2:      layout_rooms, basic_altar, hellmonk_ecumenical_altar_run_dry,
          serial_curves, eino_curves_03, eino_curves_03, nicolae_shop_vocational
D:3:      layout_rooms
D:4:      layout_rooms, okawaru_altar_gauntlet_db, marbit_many_paths,
          serial_bayou_lake_a
D:5:      layout_basic, minmay_temple_entry_stoned_glass, serial_shops,
          nicolae_stop_n_shop_2
D:6:      layout_loops_corners, mainiacjoe_overflow_24_doors, enter_ossuary_5,
          kennysheep_generic_room_4
D:7:      layout_gridville, elyvilon_altar_1, xom_shifter_show,
          mainiacjoe_overflow_alcove_2
Temple:   nicolae_temple_x_marks_the_god

Skill      XL: |  1  2  3  4  5  6  7  8 |
---------------+-------------------------+-----
Short Blades   | 4 5 7 8 9 |  9.6
Stealth        | 1 2 3 4 5 |  5.0
Dodging        | 5 6 |  6.7
Fighting       | 3 |  3.8
Invocations    | 1 3 |  3.0
Throwing       | |  0.1
Shields        | |  0.7

Action                     |  1- 3 |  4- 6 |  7- 9 || total
---------------------------+-------+-------+-------++-------
  Melee: Short sword       |   144 |   263 |   307 ||   714
         Punch             |     1 |     2 |     2 ||     5
  Throw: Dart              |       |     2 |     1 ||     3
 Invoke: Stomp             |       |       |    13 ||    13
         Line Pass         |       |       |     5 ||     5
    Use: Potion            |       |     1 |       ||     1
         Scroll            |       |       |     9 ||     9
   Stab: Sleeping          |     3 |     4 |     4 ||    11
         Distracted        |     1 |       |       ||     1
         Confused          |       |       |     2 ||     2
         Paralysed         |       |       |     4 ||     4
 Armour: Robe              |    34 |    58 |    49 ||   141
  Dodge: Dodged            |    92 |   165 |   151 ||   408
  Block: Buckler           |       |       |    10 ||    10
